 Dungeon Crawl Stone Soup version 0.30.0-29-ga12c61a403 (webtiles) character file.

Game seed: 16476673279771460007

7 drcrypt the Digger (level 2, -3/15 HPs)
             Began as a Gargoyle Earth Elementalist on June 22, 2023.
             Slain by a kobold
             ... wielding a +3 short sword
              (7 damage)
             ... on level 1 of the Dungeon.
             The game lasted 00:02:38 (224 turns).

drcrypt the Digger (Gargoyle Earth Elementalist)     Turns: 224, Time: 00:02:38

Health: -3/15      AC:  4    Str: 11    XL:     2   Next: 4%
Magic:  1/5        EV: 11    Int: 15    God:
Gold:   35         SH:  0    Dex: 10    Spells: 4/5 levels left

rFire   . . .        (no weapon)
rCold   . . .        (no shield)
rNeg    + . .        a - +0 robe
rPois   ∞            (no helmet)
rElec   +            (no cloak)
rCorr   .            (no gloves)
SInv    .            (no boots)
Will    .....        (no amulet)
Stlth   ++           (no ring)
HPRegen 0.22/turn    (no ring)
MPRegen 0.09/turn

%: no passive effects
@: very slightly contaminated
A: sickness immunity, AC +2, negative energy resistance 1, electricity
resistance, torment resistance 1, petrification resistance
a: no special abilities


You were on level 1 of the Dungeon.
You visited 1 branch of the dungeon, and saw 1 of its levels.

You collected 35 gold pieces.

Inventory:

Missiles
 d - 19 stones
Armour
 a - a +0 robe (worn)
Scrolls
 c - a scroll of enchant weapon {unknown}
 e - a scroll of identify {unknown}
 h - a scroll of enchant armour {unknown}
Potions
 b - a potion of magic
 f - a potion of mutation {unknown}
 g - a potion of resistance {unknown}


   Skills:
 + Level 1.5 Dodging
 + Level 2.2 Stealth
 + Level 2.3 Spellcasting
 + Level 0.7 Transmutations
 + Level 3.9 Earth Magic


You had 4 spell levels left.
You knew the following spells:

 Your Spells              Type           Power      Damage    Failure   Level
a - Sandblast             Erth           26%        2d8       4%          1

Your spell library contained the following spells:

 Spells                   Type           Power      Damage    Failure   Level
 Passwall                 Tmut/Erth      6%         N/A       13%         2
 Stone Arrow              Conj/Erth      14%        3d7       28%         3
 Petrify                  Tmut/Erth      8%         N/A       63%         4


Dungeon Overview and Level Annotations

Branches:
Dungeon (1/15)

Altars:


Innate Abilities, Weirdness & Mutations

You are immune to sickness and miasma.
Your stone body is resilient. (AC +2)
You are immune to poison.
You resist negative energy. (rN+)
You are resistant to electric shocks. (rElec)
You are resistant to unholy torment.
You are immune to petrification.


Message History

Unknown command.
You hit the ball python.
You kill the ball python!
Okay, then.
Casting: Sandblast (safe; 4% risk of failure)
Confirm with . or Enter, or press ? or * to list all spells.
Okay, then.
Okay, then.
A kobold comes into view. It is wielding a +3 short sword.
Found a scroll labelled OFFE UCEFAKH.
The kobold shouts!
You see here a +0 robe.
You see here a scroll labelled CUCZIG OCEAVE.
h - a scroll labelled CUCZIG OCEAVE The kobold closely misses you.
The kobold barely misses you.
Casting: Sandblast (safe; 4% risk of failure)
Confirm with . or Enter, or press ? or * to list all spells.
Aiming: Sandblast (safe; 4% risk of failure)
Press: ? - help, Shift-Dir - straight line, f - kobold
Aim: a kobold, wielding a +3 short sword (77% to hit)
You miscast Sandblast.
You are very lightly contaminated with residual magic.
Nothing appears to happen.
The kobold hits you but does no damage.
Casting: Sandblast (safe; 4% risk of failure)
Confirm with . or Enter, or press ? or * to list all spells.
You don't have enough magic to cast this spell.
Unknown command.
You closely miss the kobold.
The kobold hits you with a +3 short sword.
You hit the kobold but do no damage. The kobold barely misses you.
You hit the kobold but do no damage.
The kobold hits you with a +3 short sword.
You closely miss the kobold.
The kobold hits you with a +3 short sword.
* * * LOW HITPOINT WARNING * * *
You hit the kobold.
The kobold is moderately wounded.
The kobold hits you with a +3 short sword!
You die...

#♣.♣#.##................
...##.##.#.##....♣..∩..∩
.♣.♣#....#.##...........
.#......................
.♣.♣#...##.###♣[.∩..∩...
.#.###.....# #..........
.♣.♣...#..## #..........
.#....###.## #♣..♣......
#♣.♣..# #..# #..@K......
##....###..###....(.....
#.....##....##♣?.♣..∩..♣
#.....##.##..##...######
#....###.###.####.
#....##..# #.# ..
...#.♣#♣#♣#♣.## ..
.###..........##....
..###♣.♣.♣.♣........


You could see a kobold.

Vanquished Creatures
  3 ball pythons (D:1)
  An endoplasm (D:1)
  A hobgoblin (D:1)
  2 bats (D:1)
  A frilled lizard (D:1)
8 creatures vanquished.

Notes
Turn   | Place    | Note
-------+----------+-------------------------------------------
     0 | D:1      | drcrypt the Gargoyle Earth Elementalist began the quest for
                  | the Orb.
     0 | D:1      | Reached XP level 1. HP: 10/10 MP: 3/3
   208 | D:1      | Reached XP level 2. HP: 9/15 MP: 0/5
   224 | D:1      | Slain by a kobold

Illustrated notes

Levels and vault maps discovered:
D:1:      erik_arrival_orb_chamber, layout_rooms, serial_forest,
          infiniplex_forest_lined_3, infiniplex_forest_clump_long,
          infiniplex_forest_lined_2, infiniplex_forest_zigzag_2,
          infiniplex_forest_corner_2, infiniplex_forest_lined_1,
          infiniplex_forest_lined_3, infiniplex_forest_lined_1,
          hellmonk_ecumenical_altar_arch_garden

Action                     || total
---------------------------++-------
  Melee: Unarmed           ||    11
   Cast: Sandblast         ||     7
 Armour: Robe              ||     6
  Dodge: Dodged            ||     9
